 Dungeon Crawl Stone Soup version 0.24-a0-582-g4d4af813a0 (webtiles) character file.

Game seed: 4941319250978911770

4930 Ijustatesigmund the Blocker (level 10, -6/82 HPs)
             Began as a Gnoll Fighter on Aug 26, 2019.
             Mangled by a wolf spider (13 damage)
             ... on level 11 of the Dungeon.
             The game lasted 00:16:15 (7796 turns).

Ijustatesigmund the Blocker (Gnoll Fighter)         Turns: 7796, Time: 00:16:15

Health: -6/82      AC: 10    Str: 24    XL:     10   Next: 52%
Magic:  17/17      EV: 13    Int: 11    God:
Gold:   378        SH: 12    Dex: 17    Spells: 19/19 levels left

rFire    . . .     SeeInvis .   b - +2 flail (holy)
rCold    . . .     Gourm    .   c - +0 shield
rNeg     + . .     Faith    .   w - +2 ring mail {rN+}
rPois    .         Spirit   .   (no helmet)
rElec    .         Reflect  .   j - scarf {cloud immunity}
rCorr    .         Harm     .   (no gloves)
MR       .....                  i - +0 pair of boots
Stlth    ++........             E - amulet of rage
HPRegen  0.23/turn              B - ring of flight
MPRegen  0.15/turn              (no ring)

@: mighty, very slightly contaminated, invisible
A: distributed training, fangs 1, strong nose
a: Evoke Berserk Rage, Evoke Flight


You were on level 11 of the Dungeon.
You were very hungry.

You visited 1 branch of the dungeon, and saw 9 of its levels.
You also visited: Ossuary.

You collected 378 gold pieces.

Inventory:

Hand Weapons
 a - a +5 short sword of draining
 b - a +2 flail of holy wrath (weapon)
Armour
 c - a +0 shield (worn)
 i - a +0 pair of boots (worn)
 j - a scarf of cloud immunity (worn)
 w - a +2 ring mail of positive energy (worn)
Jewellery
 n - an uncursed ring of fire
 B - a ring of flight (left hand)
 E - an amulet of rage (around neck)
Wands
 s - a wand of random effects (22)
 v - a wand of paralysis (8)
 x - a wand of scattershot (4)
 y - a wand of acid (9)
Scrolls
 p - 2 scrolls of teleportation
 t - 3 scrolls of remove curse
 u - a scroll of fear
 D - a scroll of fog
 F - a scroll of enchant weapon
 H - a scroll of identify
Potions
 d - 3 potions of might
 e - a potion of berserk rage
 g - 4 potions of ambrosia
 h - 2 potions of heal wounds
 k - 3 potions of brilliance
 l - 2 potions of invisibility
 m - 3 potions of haste {unknown}
 o - 5 potions of curing
 q - 2 potions of lignification {unknown}
 r - a potion of flight {unknown}
 z - a potion of experience {unknown}
 A - a potion of cancellation {unknown}
 C - 5 potions of agility {unknown}
 G - a potion of degeneration {unknown}
Comestibles
 f - 16 rations


   Skills:
 + Level 8.5 Fighting
 + Level 5.2 Short Blades
 + Level 5.2 Long Blades
 + Level 5.2 Axes
 + Level 7.0 Maces & Flails
 + Level 5.2 Polearms
 + Level 5.2 Staves
 + Level 5.2 Slings
 + Level 5.2 Bows
 + Level 5.2 Crossbows
 + Level 5.2 Throwing
 + Level 8.5 Armour
 + Level 5.2 Dodging
 + Level 5.2 Stealth
 + Level 8.5 Shields
 + Level 5.2 Unarmed Combat
 + Level 5.2 Spellcasting
 + Level 4.3 Conjurations
 + Level 4.3 Hexes
 + Level 4.3 Charms
 + Level 4.3 Summonings
 + Level 4.3 Necromancy
 + Level 4.3 Translocations
 + Level 4.3 Transmutations
 + Level 4.3 Fire Magic
 + Level 4.3 Ice Magic
 + Level 4.3 Air Magic
 + Level 4.3 Earth Magic
 + Level 4.3 Poison Magic
 + Level 5.8 Invocations
 + Level 5.2 Evocations


You had 19 spell levels left.
You didn't know any spells.
Your spell library contained the following spells:

 Spells                   Type           Power        Failure   Level  Hunger
 Animate Skeleton         Necr           N/A          12%         1    None
 Apportation              Tloc           ##....       12%         1    None
 Confusing Touch          Hex            ##....       12%         1    None
 Magic Dart               Conj           ##..         12%         1    None
 Pain                     Necr           ##..         12%         1    None
 Summon Small Mammal      Summ           ##..         12%         1    None
 Searing Ray              Conj           ##....       17%         2    ##.....
 Dazzling Spray           Conj/Hex       ##....       34%         3    ###....
 Regeneration             Chrm/Necr      ##........   34%         3    ###....
 Vampiric Draining        Necr           ##........   34%         3    ###....
 Animate Dead             Necr           N/A          75%         4    ####...
 Force Lance              Conj/Tloc      ##......     75%         4    ####...
 Fulminant Prism          Conj/Hex       ##........   75%         4    ####...
 Iskenderun's Mystic Bla  Conj           ##......     75%         4    ####...


Dungeon Overview and Level Annotations

Branches:
Dungeon (8/15)             Temple (0/1) D:5            Lair (0/6) D:11
Ossuary (visited)

Altars:
Dithmenos
Hepliaklqana
Kikubaaqudgha
Nemelex Xobeh
Okawaru
Qazlal
Ru
Sif Muna
Xom
Yredelemnul
Zin


Innate Abilities, Weirdness & Mutations

Your experience applies equally to all skills.
You have very sharp teeth.
Your uncanny sense of smell can sniff out nearby items.


Message History

The wolf spider is lightly wounded.
The wolf spider barely misses you. You block the wolf spider's attack.
You hit the wolf spider.
The wolf spider is moderately wounded.
You block the wolf spider's attack. The wolf spider closely misses you.
The wolf spider hits you but does no damage.
You block the wolf spider's attack.
You hit the wolf spider.
The wolf spider is moderately wounded.
The wolf spider hits you. The wolf spider barely misses you.
You thump the wolf spider!
The wolf spider is heavily wounded.
The wolf spider hits you!
* * * LOW HITPOINT WARNING * * *
You block the wolf spider's attack. x2; The wolf spider closely misses you.
You feel very mighty all of a sudden. The wolf spider hits you!
* * * LOW HITPOINT WARNING * * *
The wolf spider misses you. The wolf spider hits you!
You die...

### ####
#.$#++#?.#
#=#....#@#
#...$hs##
+.....Z+
+......+
#......#
#)#....#)#
#./#++#!.#
### ###


You could see a wolf spider, a black bear and a centaur warrior skeleton
(wandering).

Vanquished Creatures
  A hydra (D:11)
  Grinder (D:5)
  A hippogriff (D:11)
  Sigmund (D:6)
  A human (D:7)
  4 hogs (D:7)
  Eustachio (D:5)
  Edmund (D:5)
  A porcupine (D:11)
  2 ice beasts
  A black bear (D:6)
  An orc warrior (D:6)
  A sky beast (D:7)
  A phantom (D:11)
  A centaur (D:6)
  2 ogres
  3 bullfrogs
  8 scorpions
  A howler monkey (D:6)
  A quasit (D:11)
  A centaur zombie (D:7)
  6 orc wizards
  7 human zombies
  2 orc priests (D:7)
  2 hounds
  A human skeleton (D:8)
  6 iguanas
  Terence (D:2)
  6 worker ants
  3 mummies (Ossuary)
  13 adders
  6 scorpion zombies (Ossuary)
  2 shadow imps
  An adder skeleton (D:6)
  3 worms
  3 dart slugs
  5 leopard geckos
  27 orcs
  8 bats
  9 giant cockroaches
  A gnoll zombie (Ossuary)
  8 hobgoblins
  4 jackals (D:5)
  4 quokkas
  3 ball pythons
  3 frilled lizards (D:1)
  9 goblins
  2 hobgoblin zombies (Ossuary)
  14 kobolds
  A kobold zombie (Ossuary)
  A leopard gecko zombie (D:6)
  2 orc skeletons (D:8)
  3 orc zombies
  6 rats
207 creatures vanquished.

Vanquished Creatures (others)
  43 fungi (D:11)
  28 plants (D:11)
71 creatures vanquished.

Grand Total: 278 creatures vanquished

Notes
Turn   | Place    | Note
-------+----------+-------------------------------------------
     0 | D:1      | Ijustatesigmund the Gnoll Fighter began the quest for the
                  | Orb.
     0 | D:1      | Reached XP level 1. HP: 23/23 MP: 1/1
    37 | D:1      | Reached XP level 2. HP: 24/29 MP: 2/2
   197 | D:1      | Reached XP level 3. HP: 30/35 MP: 3/3
   585 | D:2      | Reached skill level 1 in Invocations
   667 | D:2      | Reached skill level 1 in Short Blades
   667 | D:2      | Reached skill level 1 in Long Blades
   667 | D:2      | Reached skill level 1 in Axes
   667 | D:2      | Reached skill level 1 in Polearms
   667 | D:2      | Reached skill level 1 in Staves
   667 | D:2      | Reached skill level 1 in Slings
   667 | D:2      | Reached skill level 1 in Bows
   667 | D:2      | Reached skill level 1 in Crossbows
   667 | D:2      | Reached skill level 1 in Throwing
   667 | D:2      | Reached skill level 1 in Dodging
   667 | D:2      | Reached skill level 1 in Stealth
   667 | D:2      | Reached skill level 1 in Unarmed Combat
   667 | D:2      | Reached skill level 1 in Spellcasting
   667 | D:2      | Reached skill level 1 in Evocations
   689 | D:2      | Noticed Terence
   703 | D:2      | Killed Terence
   703 | D:2      | Reached XP level 4. HP: 30/41 MP: 5/5
  1268 | D:3      | Reached skill level 1 in Conjurations
  1268 | D:3      | Reached skill level 1 in Hexes
  1268 | D:3      | Reached skill level 1 in Charms
  1268 | D:3      | Reached skill level 1 in Summonings
  1268 | D:3      | Reached skill level 1 in Necromancy
  1268 | D:3      | Reached skill level 1 in Translocations
  1268 | D:3      | Reached skill level 1 in Transmutations
  1268 | D:3      | Reached skill level 1 in Fire Magic
  1268 | D:3      | Reached skill level 1 in Ice Magic
  1268 | D:3      | Reached skill level 1 in Air Magic
  1268 | D:3      | Reached skill level 1 in Earth Magic
  1268 | D:3      | Reached skill level 1 in Poison Magic
  1418 | D:3      | Reached XP level 5. HP: 47/47 MP: 6/6
  1544 | D:3      | Found a glowing silver altar of Zin.
  1545 | D:3      | Noticed an angel
  2212 | D:4      | Found an iron altar of Okawaru.
  2215 | D:4      | Found a shadowy altar of Dithmenos.
  2243 | D:4      | Reached XP level 6. HP: 51/53 MP: 8/8
  2313 | D:4      | Found a hazy altar of Hepliaklqana.
  2314 | D:4      | Found a shimmering altar of Xom.
  2315 | D:4      | Noticed a spectral ugly thing
  2501 | D:4      | Found a stormy altar of Qazlal.
  2611 | D:4      | Found a sacrificial altar of Ru.
  2616 | D:4      | Reached skill level 5 in Maces & Flails
  2618 | D:4      | Found an ancient bone altar of Kikubaaqudgha.
  2618 | D:4      | Found a sparkling altar of Nemelex Xobeh.
  2814 | D:5      | Entered Level 5 of the Dungeon
  2823 | D:5      | Noticed an ice beast
  2824 | D:5      | Found a shimmering blue altar of Sif Muna.
  2854 | D:4      | Killed an ice beast
  2854 | D:4      | Reached XP level 7. HP: 31/59 MP: 10/10
  3052 | D:5      | Noticed Grinder
  3079 | D:5      | Killed Grinder
  3398 | D:5      | Found a staircase to the Ecumenical Temple.
  3412 | D:5      | Noticed Eustachio
  3424 | D:5      | Killed Eustachio
  3451 | D:5      | Noticed Edmund
  3473 | D:5      | Killed Edmund
  3473 | D:5      | Reached XP level 8. HP: 43/67 MP: 12/12
  4524 | D:6      | Noticed Sigmund
  4533 | D:6      | Killed Sigmund
  4944 | D:6      | Reached XP level 9. HP: 52/72 MP: 14/14
  5497 | D:7      | Found Dovvaurr's General Store.
  5503 | D:7      | Found a basalt altar of Yredelemnul.
  5937 | D:7      | Found a sparkling altar of Nemelex Xobeh.
  6062 | D:7      | Reached skill level 5 in Invocations
  6552 | D:8      | Found a sand-covered staircase.
  6565 | Ossuary  | Entered an ossuary
  6616 | Ossuary  | Reached XP level 10. HP: 69/80 MP: 17/17
  7525 | D:8      | You fall into a shaft and drop 3 floors!
  7525 | D:11     | Found a staircase to the Lair.
  7558 | D:11     | Noticed a cyan ugly thing
  7580 | D:11     | Reached skill level 5 in Short Blades
  7580 | D:11     | Reached skill level 5 in Long Blades
  7580 | D:11     | Reached skill level 5 in Axes
  7580 | D:11     | Reached skill level 5 in Polearms
  7580 | D:11     | Reached skill level 5 in Staves
  7580 | D:11     | Reached skill level 5 in Slings
  7580 | D:11     | Reached skill level 5 in Bows
  7580 | D:11     | Reached skill level 5 in Crossbows
  7580 | D:11     | Reached skill level 5 in Throwing
  7580 | D:11     | Reached skill level 5 in Dodging
  7580 | D:11     | Reached skill level 5 in Stealth
  7580 | D:11     | Reached skill level 5 in Unarmed Combat
  7580 | D:11     | Reached skill level 5 in Spellcasting
  7580 | D:11     | Reached skill level 5 in Evocations
  7650 | D:11     | Noticed a seven-headed hydra
  7731 | D:11     | Killed a seven-headed hydra
  7778 | D:11     | Noticed a wolf spider
  7796 | D:11     | Mangled by a wolf spider

Levels and vault maps discovered:
D:1:      tarquinn_simple_flora_water_e, layout_basic, st_stairs_9,
          hangedman_abyss_or_decor_stabs
D:2:      layout_loops_ring, nicolae_overflow_hidden_temple, uniq_terence
D:3:      layout_loops_ring, zin_angel
D:4:      layout_basic, regret_index_temple_of_mockery,
          grunt_temple_overflow_open, first_ration, grunt_qazlal_clouds
D:5:      layout_basic, overflow_temple_1_default, minmay_temple_entry_ruins,
          uniq_edmund, uniq_eustachio, uniq_grinder
D:6:      minmay_razor_zed, layout_loops_corners, uniq_sigmund
D:7:      layout_loops_cross, lemuel_round_altar, serial_shops,
          nicolae_shop_trees, grunt_livestock, nemelex_xobeh_ov_fountains_minmay
D:8:      layout_loops_corners, nicolae_ossuary_entry_catacombs
D:11:     layout_basic, due_lair_maze_entry_diamond, minmay_misc_feat_rugged,
          lightli_fourway_metalbox

Skill      XL: |  1  2  3  4  5  6  7  8  9 10 |
---------------+-------------------------------+-----
Invocations    | 1 2 3 4 5 |  5.8
Short Blades   | 1 2 3 4 5 |  5.2
Long Blades    | 1 2 3 4 5 |  5.2
Axes           | 1 2 3 4 5 |  5.2
Polearms       | 1 2 3 4 5 |  5.2
Staves         | 1 2 3 4 5 |  5.2
Slings         | 1 2 3 4 5 |  5.2
Bows           | 1 2 3 4 5 |  5.2
Crossbows      | 1 2 3 4 5 |  5.2
Throwing       | 1 2 3 4 5 |  5.2
Dodging        | 1 2 3 4 5 |  5.2
Stealth        | 1 2 3 4 5 |  5.2
Unarmed Combat | 1 2 3 4 5 |  5.2
Spellcasting   | 1 2 3 4 5 |  5.2
Evocations     | 1 2 3 4 5 |  5.2
Conjurations   | 1 2 3 4 |  4.3
Hexes          | 1 2 3 4 |  4.3
Charms         | 1 2 3 4 |  4.3
Summonings     | 1 2 3 4 |  4.3
Necromancy     | 1 2 3 4 |  4.3
Translocations | 1 2 3 4 |  4.3
Transmutations | 1 2 3 4 |  4.3
Fire Magic     | 1 2 3 4 |  4.3
Ice Magic      | 1 2 3 4 |  4.3
Air Magic      | 1 2 3 4 |  4.3
Earth Magic    | 1 2 3 4 |  4.3
Poison Magic   | 1 2 3 4 |  4.3
Maces & Flails | 5 6 7 |  7.0
Fighting       | 7 8 |  8.5
Armour         | 7 8 |  8.5
Shields        | 7 8 |  8.5

Action                   |  1- 3 |  4- 6 |  7- 9 | 10-12 || total
-------------------------+-------+-------+-------+-------++-------
Melee: Flail             |   135 |       |    10 |   177 ||   322
       Bite              |    21 |    15 |    38 |    24 ||    98
       Short sword       |       |   159 |   311 |       ||   470
Evoke: Wand              |       |       |     1 |       ||     1
  Use: Scroll            |       |     5 |     6 |     6 ||    17
       Potion            |       |       |       |     7 ||     7
 Stab: Sleeping          |       |       |     6 |     1 ||     7
       Distracted        |       |       |     1 |       ||     1
  Eat: Chunk             |       |     6 |     9 |       ||    15
       Ration            |       |       |     1 |     1 ||     2
Armor: Scale mail        |    42 |       |       |       ||    42
       Chain mail        |       |    83 |    19 |       ||   102
       Ring mail         |       |       |    81 |    58 ||   139
Dodge: Dodged            |    35 |    33 |   113 |    91 ||   272
Block: Shield            |    79 |    85 |   172 |   117 ||   453

Table legend:
 A = Non-vault XP
 B = Vault XP
 C = Vault XP percentage of total XP
 D = Non-vault monster count
 E = Vault monster count
 F = Vault count percentage of total count
                 A         B        C        D         E       F
            +---------+---------+-------+---------+---------+-------
      Total |    3707 |    3337 |  47.4 |     154 |      53 |  25.6
            +---------+---------+-------+---------+---------+-------
        D:1 |      48 |       3 |   5.9 |      28 |       2 |   6.7
        D:2 |      45 |      36 |  44.4 |      18 |       1 |   5.3
        D:3 |      94 |       0 |   0.0 |      27 |       0 |   0.0
        D:4 |     395 |       0 |   0.0 |      19 |       0 |   0.0
        D:5 |     190 |     634 |  76.9 |      10 |       3 |  23.1
        D:6 |     638 |     583 |  47.7 |      14 |       8 |  36.4
        D:7 |     782 |     966 |  55.3 |      31 |       5 |  13.9
        D:8 |     119 |      86 |  42.0 |       3 |       6 |  66.7
       D:11 |    1396 |     145 |   9.4 |       4 |       1 |  20.0
    Ossuary |       0 |     884 | 100.0 |       0 |      27 | 100.0
            +---------+---------+-------+---------+---------+-------
